[Event "Titled Tuesday Blitz July 4 Early 2023"]
[White "Rian, Kapriaga"]
[Black "chess123456s"]
[WhiteFideId "7103263"]
[WhiteElo "2354"]
[BlackElo "2638"]
[Result "0-1"]
[Round "3"]
[TimeControl "180+2"]
[Date "2023.07.04"]
[WhiteClock "0:00:00"]
[BlackClock "0:00:13"]
[Board "67"]

1. d4 d5 2. Nf3 Nf6 3. Bf4 c5 4. e3 e6 5. c3 Nc6 6. Nbd2 Bd6 7. Ne5 Qc7 8. Bb5 O-O 9. Ndf3 Ne7 10. Bd3 Ng6 11. O-O Nxf4 12. exf4 Ne4 13. Qe2 f6 14. Ng4 Bxf4 15. g3 Bd6 16. Rfe1 Bd7 17. Rad1 Rae8 18. Ne3 cxd4 19. cxd4 Bc6 20. Bb1 Qa5 21. Nd2 Bb5 22. Qh5 g6 23. Qh6 Nxd2 24. Bxg6 Nf3+ 25. Kg2 Nxe1+ 26. Rxe1 Re7 27. b4 Bxb4 28. Nf5 Qc7 0-1


[Site "https://www.chess.com"]

[Event "Titled Tuesday Blitz July 4 Early 2023"]
[White "Kovacevic, Radmila"]
[Black "Akhmedinov, Satbek"]
[WhiteFideId "933171"]
[BlackFideId "13714287"]
[WhiteElo "2217"]
[BlackElo "2627"]
[Result "0-1"]
[Round "3"]
[TimeControl "180+2"]
[Date "2023.07.04"]
[WhiteClock "0:00:12"]
[BlackClock "0:02:18"]
[Board "68"]

1. e4 c5 2. Nf3 Nc6 3. d4 cxd4 4. Nxd4 Nf6 5. Nc3 e5 6. Nb3 Bb4 7. Bd3 d5 8. exd5 Qxd5 9. O-O Bxc3 10. bxc3 O-O 11. Bg5 e4 12. Bxf6 exd3 13. Bd4 dxc2 14. Qxc2 Bf5 15. Qb2 f6 16. Rad1 Rad8 17. h3 b6 18. Rd2 Qf7 19. Be3 Bd3 20. Rfd1 Ne5 21. Nd4 Nc4 22. Qb3 Nxd2 23. Qxf7+ Rxf7 24. Rxd2 Bc4 25. g4 Rc7 26. Kh2 Kf7 27. Kg3 a5 28. Bf4 Rcd7 29. Rb2 b5 30. Nc6 Ra8 31. Nd4 b4 32. Be3 bxc3 33. Rc2 Bd5 34. Rxc3 Bxa2 35. Ra3 Bc4 36. Nf5 g6 37. Nd4 a4 38. Nc6 Rc7 39. Nb4 Bb3 40. g5 Rc4 41. Nd3 Rc3 42. Nc5 fxg5 43. Ne4 Rc2 44. Nxg5+ Kg8 45. Kf4 Ra2 46. Rxa2 Bxa2 47. Ke5 a3 48. Kf6 Bd5 49. Ke5 a2 50. Bd4 a1=Q 51. Bxa1 Rxa1 52. Kxd5 Ra5+ 53. Ke6 Rxg5 54. f4 Rf5 0-1


[Site "https://www.chess.com"]

[Event "Titled Tuesday Blitz July 4 Early 2023"]
[White "Tahbaz, Arash"]
[Black "Mikhaylova, Irina"]
[WhiteFideId "12528846"]
[BlackFideId "4109040"]
[WhiteElo "3031"]
[BlackElo "2336"]
[Result "1-0"]
[Round "3"]
[TimeControl "180+2"]
[Date "2023.07.04"]
[WhiteClock "0:00:54"]
[BlackClock "0:00:14"]
[Board "69"]

1. Nf3 Nf6 2. g3 g6 3. Bg2 Bg7 4. O-O O-O 5. c4 c6 6. d4 d5 7. Nc3 dxc4 8. e4 a5 9. a4 Na6 10. Qe2 Be6 11. Ng5 Bg4 12. Qxc4 h6 13. Nf3 Nb4 14. Bf4 Be6 15. Qe2 Bb3 16. Be5 Qd7 17. Rac1 Rad8 18. h3 Qe6 19. Nd2 Rd7 20. Bxf6 Bxf6 21. d5 cxd5 22. Nxb3 dxe4 23. Nc5 1-0


[Site "https://www.chess.com"]

[Event "Titled Tuesday Blitz July 4 Early 2023"]
[White "Liu, Casper"]
[Black "Andreikin, Dmitry"]
[WhiteFideId "1454153"]
[BlackFideId "4158814"]
[WhiteElo "2528"]
[BlackElo "2986"]
[Result "0-1"]
[Round "3"]
[TimeControl "180+2"]
[Date "2023.07.04"]
[WhiteClock "0:00:45"]
[BlackClock "0:01:04"]
[Board "70"]

1. e4 c5 2. d4 cxd4 3. Qxd4 Nc6 4. Qe3 Nf6 5. Nc3 d6 6. Bd2 g6 7. Nd5 Bg7 8. Bc3 Be6 9. Nxf6+ Bxf6 10. Bxf6 exf6 11. Nf3 O-O 12. O-O-O Qa5 13. a3 Rfd8 14. h4 h5 15. Bd3 b5 16. Qh6 b4 17. e5 bxa3 18. exf6 axb2+ 19. Kxb2 Rab8+ 20. Kc1 Qa1+ 21. Kd2 Qxf6 22. Ng5 Qxf2+ 23. Kc1 Ne5 24. Qh7+ Kf8 25. Nxe6+ fxe6 26. Rhf1 Nxd3+ 27. cxd3 Rdc8+ 0-1


[Site "https://www.chess.com"]

[Event "Titled Tuesday Blitz July 4 Early 2023"]
[White "Rutvij09"]
[Black "Eljanov, Pavel"]
[BlackFideId "14102951"]
[WhiteElo "2528"]
[BlackElo "2933"]
[Result "0-1"]
[Round "3"]
[TimeControl "180+2"]
[Date "2023.07.04"]
[WhiteClock "0:00:00"]
[BlackClock "0:00:49"]
[Board "71"]

1. e4 c6 2. d4 d5 3. Nc3 dxe4 4. Nxe4 Bf5 5. Ng3 Bg6 6. h4 h6 7. Nf3 e6 8. Ne5 Bh7 9. Bd3 Bxd3 10. Qxd3 Nd7 11. f4 Ngf6 12. Be3 Qa5+ 13. c3 Be7 14. O-O Rd8 15. Qe2 O-O 16. a3 Qc7 17. h5 c5 18. Rad1 Nd5 19. Ne4 cxd4 20. cxd4 f5 21. Nd2 Nxe5 22. fxe5 Qc2 23. Bf2 Qxb2 24. Qc4 Rc8 25. Qd3 Rc3 26. Qe2 Nf4 0-1


[Site "https://www.chess.com"]

[Event "Titled Tuesday Blitz July 4 Early 2023"]
[White "Arencibia Monduy, Antonio"]
[Black "Matlakov, Maxim"]
[WhiteFideId "3507939"]
[BlackFideId "4168003"]
[WhiteElo "2527"]
[BlackElo "2925"]
[Result "0-1"]
[Round "3"]
[TimeControl "180+2"]
[Date "2023.07.04"]
[WhiteClock "0:00:00"]
[BlackClock "0:02:14"]
[Board "72"]

1. e4 c5 2. Nf3 d6 3. c3 Nf6 4. Bd3 Nc6 5. h3 e5 6. Bc2 Be7 7. O-O O-O 8. d4 b5 9. Re1 Bb7 10. a4 cxd4 11. axb5 Na5 12. cxd4 Nc4 13. b3 Nb6 14. dxe5 dxe5 15. Qxd8 Rfxd8 16. Nxe5 Rac8 17. Nc6 Bxc6 18. bxc6 Rxc6 19. e5 Nfd5 20. Be4 Bb4 21. Rd1 Rdc8 22. Bb2 Rc5 23. Nd2 a5 24. Bd4 R5c7 25. Nc4 Nxc4 26. bxc4 Nf4 27. Be3 Ne2+ 28. Kf1 Nc3 29. Rd4 Bc5 30. Bf5 Ra8 31. Rd3 Bxe3 32. Rxe3 Rxc4 33. Rc1 g6 34. Bd3 Rc5 35. Be2 Rac8 36. Bg4 R8c7 37. e6 fxe6 38. Bxe6+ Kg7 39. Rf3 a4 40. Rc2 a3 41. Bb3 Ne4 42. Rxc5 Rxc5 43. g4 Nd2+ 44. Ke2 Nxf3 0-1


[Site "https://www.chess.com"]

[Event "Titled Tuesday Blitz July 4 Early 2023"]
[White "Yelisieiev, Yevhenii"]
[Black "Shimanov, Aleksandr"]
[WhiteFideId "14139642"]
[BlackFideId "4198603"]
[WhiteElo "2526"]
[BlackElo "2916"]
[Result "1/2-1/2"]
[Round "3"]
[TimeControl "180+2"]
[Date "2023.07.04"]
[WhiteClock "0:00:04"]
[BlackClock "0:00:04"]
[Board "73"]

1. d4 Nf6 2. Nf3 e6 3. c4 Bb4+ 4. Nbd2 O-O 5. a3 Be7 6. e4 d6 7. Bd3 Nfd7 8. b4 e5 9. d5 c5 10. O-O Na6 11. Qb3 b6 12. Bb2 Nf6 13. b5 Nc7 14. a4 Nh5 15. a5 Rb8 16. axb6 axb6 17. g3 g6 18. Qc3 f6 19. Ra7 Ng7 20. Rfa1 Rf7 21. Nf1 Nce8 22. Ne1 f5 23. exf5 Nxf5 24. Bxf5 Bxf5 25. Ng2 Bf6 26. Nge3 Bd7 27. Nd2 Bg7 28. Ne4 Bf5 29. Rxf7 Kxf7 30. Ra7+ Kg8 31. f3 Bxe4 32. fxe4 Ra8 33. Qa3 Rxa7 34. Qxa7 Nf6 35. Bc3 Nxe4 36. Be1 Nf6 37. Qb7 Bh6 38. Nf1 Ne4 39. Kg2 Bc1 40. Qc6 h5 41. h4 g5 42. hxg5 Nxg5 43. Bd2 Bxd2 44. Nxd2 e4 45. Nf1 Qf8 46. Qxb6 Qf3+ 47. Kg1 Nh3+ 48. Kh2 Nf2 49. Qd8+ Kg7 50. Qe7+ Kg8 51. Qe8+ Kg7 52. Qe7+ Kh8 53. Qe8+ Kh7 54. Qe7+ Kg8 55. Qe8+ Kg7 56. Qe7+ 1/2-1/2


[Site "https://www.chess.com"]

[Event "Titled Tuesday Blitz July 4 Early 2023"]
[White "Bacrot, Etienne"]
[Black "Shuvalov, Evgenij"]
[WhiteFideId "605506"]
[BlackFideId "4187237"]
[WhiteElo "2858"]
[BlackElo "2526"]
[Result "1-0"]
[Round "3"]
[TimeControl "180+2"]
[Date "2023.07.04"]
[WhiteClock "0:01:14"]
[BlackClock "0:00:00"]
[Board "74"]

1. e4 e6 2. Nc3 d5 3. d4 Bb4 4. exd5 exd5 5. Bd3 Nf6 6. Ne2 O-O 7. O-O Bg4 8. h3 Bh5 9. Bg5 c6 10. Qd2 Bxe2 11. Qxe2 Nbd7 12. Qf3 Re8 13. Ne2 Be7 14. Ng3 h6 15. Bd2 Bf8 16. Rae1 Qb6 17. Nf5 Rxe1 18. Rxe1 Re8 19. Rxe8 Nxe8 20. Qg4 Kh8 21. Nxh6 gxh6 22. Qxd7 Nf6 23. Qxf7 Bg7 24. Bxh6 Bxh6 25. Qxf6+ Bg7 26. Qg6 Kg8 27. Qe8+ Bf8 28. Qe6+ Kh8 29. Qe5+ Kg8 30. Bf5 Qd8 31. Be6+ 1-0


[Site "https://www.chess.com"]

[Event "Titled Tuesday Blitz July 4 Early 2023"]
[White "Kuzmin, Roman"]
[Black "Molina, Roberto Junio Brito"]
[WhiteFideId "44134932"]
[BlackFideId "2109450"]
[WhiteElo "2525"]
[BlackElo "2857"]
[Result "0-1"]
[Round "3"]
[TimeControl "180+2"]
[Date "2023.07.04"]
[WhiteClock "0:00:21"]
[BlackClock "0:00:26"]
[Board "75"]

1. e4 c6 2. d4 d5 3. Nc3 dxe4 4. Nxe4 Nd7 5. Nf3 Ngf6 6. Nxf6+ Nxf6 7. Bd3 Bg4 8. c3 Qd5 9. Be2 e6 10. h3 Bh5 11. Bf4 Bd6 12. Ne5 Qxg2 13. Rf1 Bxe2 14. Qxe2 Qe4 15. Be3 Bxe5 16. dxe5 Qxe5 17. O-O-O O-O 18. f4 Qe4 19. Rd4 Qf5 20. Rg1 Nd5 21. Qg2 g6 22. Bd2 Rad8 23. Re4 Rd7 24. Rge1 Rfd8 25. c4 Nf6 26. R4e2 Qd3 27. Bc3 Qxc4 28. Kb1 Nd5 29. Be5 Nxf4 30. Bxf4 Qxf4 31. a3 Rd1+ 32. Rxd1 Rxd1+ 33. Ka2 Qc4+ 34. b3 Qc1 0-1


[Site "https://www.chess.com"]

[Event "Titled Tuesday Blitz July 4 Early 2023"]
[White "Di Nicolantonio, Lucas"]
[Black "Bharath Subramaniyam H"]
[WhiteFideId "680460"]
[BlackFideId "46634827"]
[WhiteElo "2517"]
[BlackElo "2830"]
[Result "0-1"]
[Round "3"]
[TimeControl "180+2"]
[Date "2023.07.04"]
[WhiteClock "0:00:07"]
[BlackClock "0:01:06"]
[Board "76"]

1. Nf3 Nf6 2. c4 e6 3. Nc3 d5 4. e3 c6 5. b3 Bd6 6. Bb2 O-O 7. Be2 b6 8. Qc2 Bb7 9. O-O Nbd7 10. d4 Qe7 11. Rfe1 Rfe8 12. Rad1 Rad8 13. Bf1 c5 14. cxd5 exd5 15. g3 Rc8 16. Qb1 Ne4 17. Nxe4 dxe4 18. Nd2 cxd4 19. Bxd4 Bb4 20. Bh3 Rcd8 21. Qb2 Nc5 22. Bxc5 Qxc5 23. Rf1 Qd6 24. Nc4 Qxd1 25. Rxd1 Rxd1+ 26. Kg2 b5 27. a3 Be1 28. Qe2 Red8 29. Nb2 Rb1 30. Qxb5 Rxb2 31. Qxb7 Bxf2 32. Qxe4 Bxe3+ 33. Kf3 Bb6 34. Bf5 Rf2+ 35. Kg4 Rd4 0-1


[Site "https://www.chess.com"]

[Event "Titled Tuesday Blitz July 4 Early 2023"]
[White "Harshavardhan G B"]
[Black "feuervogel1000000"]
[WhiteFideId "25059009"]
[WhiteElo "2825"]
[BlackElo "2516"]
[Result "1-0"]
[Round "3"]
[TimeControl "180+2"]
[Date "2023.07.04"]
[WhiteClock "0:00:50"]
[BlackClock "0:00:29"]
[Board "77"]

1. e4 e5 2. Nc3 Nf6 3. Bc4 Nc6 4. d3 h6 5. Nge2 Bc5 6. Be3 d6 7. Bxc5 dxc5 8. O-O g5 9. a4 Bg4 10. f3 Bh5 11. Ng3 Bg6 12. Nd5 Nxd5 13. Bxd5 Qd6 14. c3 O-O-O 15. Qb3 Rd7 16. a5 a6 17. Qa4 Ne7 18. Bc4 h5 19. Rac1 h4 20. Ne2 f5 21. b4 cxb4 22. cxb4 f4 23. h3 Nc6 24. b5 Nd4 25. Nxd4 Qxd4+ 26. Kh2 axb5 27. Qxb5 c6 28. Qb3 Rc7 29. a6 b6 30. Be6+ Kb8 31. a7+ Rxa7 32. Rxc6 Rb7 33. Bd5 Be8 34. Rf6 Bd7 35. Bxb7 Kxb7 36. Rb1 b5 37. Rf7 Kb6 38. Rf6+ Kb7 39. Qf7 Qxd3 40. Qe7 g4 41. Rg1 gxf3 42. Rd6 Qxe4 43. Qxd7+ Kb8 44. Rb6+ 1-0


[Site "https://www.chess.com"]

[Event "Titled Tuesday Blitz July 4 Early 2023"]
[White "Jovic, Stanoje"]
[Black "Kantor, Gergely"]
[WhiteFideId "905020"]
[BlackFideId "751499"]
[WhiteElo "2514"]
[BlackElo "2822"]
[Result "0-1"]
[Round "3"]
[TimeControl "180+2"]
[Date "2023.07.04"]
[WhiteClock "0:00:00"]
[BlackClock "0:01:06"]
[Board "78"]

1. c4 Nc6 2. g3 e5 3. Bg2 h5 4. Nc3 h4 5. d3 Bc5 6. e3 a6 7. Bd2 d6 8. Nd5 Nf6 9. b4 Ba7 10. a4 Nxd5 11. cxd5 Ne7 12. Qc2 h3 13. Bf3 Bf5 14. Rc1 Rc8 15. g4 Bg6 16. Ne2 Qd7 17. e4 c6 18. Qb3 cxd5 19. exd5 Rxc1+ 20. Bxc1 f5 21. Rg1 O-O 22. Bg5 fxg4 23. Bxg4 Bxf2+ 24. Kd1 Bf5 25. Bxe7 Bxg4 26. Rxg4 Qxg4 27. Bxf8 Kxf8 28. Qc4 Qxc4 29. dxc4 g5 30. Nc3 g4 31. Ne4 Bg1 32. Ke2 Bxh2 33. Nxd6 Bf4 34. Ne4 h2 0-1


[Site "https://www.chess.com"]

[Event "Titled Tuesday Blitz July 4 Early 2023"]
[White "Namitbir Singh Walia"]
[Black "Svane, Frederik"]
[WhiteFideId "35071068"]
[BlackFideId "12923044"]
[WhiteElo "2514"]
[BlackElo "2822"]
[Result "1-0"]
[Round "3"]
[TimeControl "180+2"]
[Date "2023.07.04"]
[WhiteClock "0:00:20"]
[BlackClock "0:00:10"]
[Board "79"]

1. e4 e5 2. Nf3 Nc6 3. Bb5 a6 4. Ba4 d6 5. c4 Nf6 6. Nc3 Bg4 7. h3 Bxf3 8. Qxf3 g6 9. d3 Bg7 10. Bg5 h6 11. Bh4 O-O 12. Nd5 g5 13. Nxf6+ Qxf6 14. Qxf6 Bxf6 15. Bxc6 bxc6 16. Bg3 Bg7 17. h4 g4 18. h5 f5 19. exf5 Rxf5 20. Rh4 Rg5 21. O-O-O Kf7 22. Re1 Bf6 23. Re4 Rf5 24. Rhxg4 Rxh5 25. Bh4 Bh8 26. Re3 Rf5 27. Rh3 h5 28. Rg5 Rxg5 29. Bxg5 Kg6 30. Be3 Bf6 31. Rg3+ Kf5 32. Rf3+ Ke6 33. g3 d5 34. Bd2 d4 35. Ba5 Rc8 36. Kc2 Be7 37. Bd2 Rg8 38. Ba5 Bd6 39. b4 Rg7 40. c5 Be7 41. Bxc7 Bf6 42. Bb6 Rh7 43. Kb3 Rd7 44. Kc4 Rd5 45. a4 Be7 46. b5 axb5+ 47. axb5 cxb5+ 48. Kxb5 Rd7 49. Kc4 Rb7 50. Kb5 Rb8 51. Kc6 Rc8+ 52. Kb7 Rxc5 53. Bxc5 Bxc5 54. Kc6 Be7 55. Kb5 Bd6 56. Kc4 Be7 57. Kb3 Bf6 58. Kc2 Be7 59. Kd1 Bg5 60. Ke2 Be7 61. Kf1 Kd5 62. Rf5 h4 63. g4 Ke6 64. Rh5 Bd6 65. Ke2 Be7 66. f3 Kd6 67. Rh6+ Kd5 68. Rh7 Bg5 69. Rh5 Be7 70. f4 Bf6 71. fxe5 Bxe5 72. Rxh4 Ke6 73. Rh5 Kf7 74. Kf3 Kg6 75. Rxe5 Kg7 76. Ke4 Kf6 77. Kf4 Kf7 1-0


[Site "https://www.chess.com"]

[Event "Titled Tuesday Blitz July 4 Early 2023"]
[White "Kushko, Dmitriy"]
[Black "Besedes, Danilo"]
[WhiteFideId "14162261"]
[BlackFideId "946796"]
[WhiteElo "2804"]
[BlackElo "2513"]
[Result "0-1"]
[Round "3"]
[TimeControl "180+2"]
[Date "2023.07.04"]
[WhiteClock "0:00:00"]
[BlackClock "0:00:08"]
[Board "80"]

1. Nf3 d6 2. d4 Nf6 3. g3 Nbd7 4. Bg2 e5 5. O-O Be7 6. Nc3 O-O 7. e4 c6 8. a4 a5 9. h3 Qc7 10. Be3 Re8 11. Nh2 Nb6 12. b3 c5 13. Nb5 Qb8 14. d5 Bd7 15. Na3 Qc8 16. g4 Bf8 17. Qd3 Qd8 18. Kh1 h6 19. f4 exf4 20. Bxf4 Nh7 21. Rae1 Qh4 22. Nf3 Qd8 23. e5 dxe5 24. Nxe5 Nf6 25. g5 hxg5 26. Bxg5 Bd6 27. Bxf6 gxf6 28. Qg3+ Kf8 29. Ng6+ fxg6 30. Qxd6+ Kg7 31. Qxc5 Rc8 32. Qd4 Rxe1 33. Rxe1 Bf5 34. c4 Qd6 35. Nb5 Qb4 36. Re3 Nd7 37. d6 Ne5 38. Kh2 Rd8 39. Qb6 Rd7 40. Qd4 Kg8 41. Bd5+ Kg7 42. Rxe5 fxe5 43. Qxe5+ Kh6 44. Qh8+ Kg5 45. h4+ Kg4 46. Qd4+ Kh5 47. Bf3+ Kh6 48. Qh8+ Rh7 49. Qf8+ Rg7 50. Qe7 Rxe7 51. dxe7 Qxe7 0-1


[Site "https://www.chess.com"]

[Event "Titled Tuesday Blitz July 4 Early 2023"]
[White "Bachmann, Axel"]
[Black "Belov, Alexei"]
[WhiteFideId "3700488"]
[BlackFideId "4128206"]
[WhiteElo "2788"]
[BlackElo "2511"]
[Result "1-0"]
[Round "3"]
[TimeControl "180+2"]
[Date "2023.07.04"]
[WhiteClock "0:01:54"]
[BlackClock "0:01:29"]
[Board "81"]

1. e4 e6 2. d4 d5 3. Nc3 Nf6 4. e5 Ne4 5. Nce2 f6 6. f3 Ng5 7. exf6 Qxf6 8. Ng3 Bd6 9. Bd3 g6 10. N1e2 Nc6 11. c3 e5 12. dxe5 Nxe5 13. Bb5+ c6 14. Bxg5 Qxg5 15. f4 Qh4 16. fxe5 Bxe5 17. Qxd5 Bxg3+ 18. Nxg3 cxb5 19. O-O Bd7 20. Rae1+ Kd8 21. Rf7 Qg4 22. h3 1-0


[Site "https://www.chess.com"]

[Event "Titled Tuesday Blitz July 4 Early 2023"]
[White "Mekhitarian, Krikor Sevag"]
[Black "Gogolev, Artem"]
[WhiteFideId "2107660"]
[BlackFideId "4116615"]
[WhiteElo "2784"]
[BlackElo "2509"]
[Result "1/2-1/2"]
[Round "3"]
[TimeControl "180+2"]
[Date "2023.07.04"]
[WhiteClock "0:00:08"]
[BlackClock "0:00:10"]
[Board "82"]

1. Nf3 d5 2. c4 e6 3. d4 Nf6 4. cxd5 exd5 5. Nc3 Bb4 6. Bf4 c5 7. e3 Ne4 8. Rc1 Qa5 9. Qc2 Nd7 10. Bd3 Ndf6 11. dxc5 Bxc3+ 12. bxc3 Nxc5 13. O-O h6 14. c4 Nxd3 15. Qxd3 dxc4 16. Qd6 Be6 17. Nd4 Rd8 18. Qe5 Qxe5 19. Bxe5 Rc8 20. Nb5 O-O 21. Nxa7 Ra8 22. Bd4 Rfd8 23. Nb5 Rxa2 24. Nc3 Rd2 25. Rb1 Rd7 26. Rfc1 Nd5 27. Ne4 Ra2 28. Nc5 Rc7 29. Nxb7 Bf5 30. Rb5 c3 31. Nd6 Be6 32. Ne4 c2 33. Nc5 Rca7 34. f3 R7a4 35. Nxa4 Rxa4 36. Rxc2 Ra1+ 37. Kf2 Rd1 38. Rb7 Kh7 39. h4 h5 40. Rbb2 Ra1 41. Rd2 Ra4 42. e4 Nf4 43. Be3 Ng6 44. g3 Ne5 45. Rbc2 Nc4 46. Rd4 Nxe3 47. Kxe3 Ra3+ 48. Rd3 Ra1 49. Kf4 Rf1 50. Rc6 Kg6 51. Rdd6 Kf6 52. Rb6 Ke7 53. Rdc6 Bg4 54. Rc7+ Kd8 55. Rc3 Be6 56. Rxe6 fxe6 57. Kg5 Ke7 58. Kxh5 Kf6 59. Kg4 g6 60. f4 e5 61. Rc6+ Kf7 62. fxe5 Re1 63. Rf6+ Kg7 64. Kf4 Rf1+ 65. Ke3 Re1+ 66. Kd4 Rg1 67. Rf3 Rd1+ 68. Kc5 Re1 69. Kd5 Rd1+ 70. Ke6 Re1 71. Ke7 Rxe4 72. e6 Ra4 73. Rd3 Ra7+ 74. Rd7 Ra6 75. Rb7 Ra8 76. Kd7 Kf6 77. Rb6 Ra7+ 78. Kd6 Ra1 79. Rb5 Ra6+ 80. Kd5 Rxe6 81. Rb3 Re5+ 82. Kd4 Re6 83. Rf3+ Kg7 84. Rf4 Re1 85. Re4 Rg1 86. Rg4 Re1 87. Kd3 Kf6 88. Re4 Rd1+ 89. Ke2 Rg1 90. Kf3 Ra1 91. Kg4 Ra3 92. Rf4+ Kg7 93. Rb4 Ra7 94. Kf4 Rc7 95. g4 Rf7+ 96. Kg5 Rc7 97. Rb5 Ra7 98. Re5 Rc7 99. Kf4 Rf7+ 100. Ke4 Ra7 101. Rd5 Re7+ 102. Kf4 Rf7+ 103. Ke4 Re7+ 104. Re5 Ra7 105. Kf4 Rf7+ 106. Ke3 Ra7 107. g5 Ra4 108. Re4 Ra7 109. Kf4 Rf7+ 110. Ke5 Ra7 111. Rd4 Kf7 112. Kd6 Ra6+ 113. Kd7 Ra7+ 114. Kc6 Ra6+ 115. Kb5 Ra1 116. Rf4+ Kg7 117. Kc5 Rd1 118. Rd4 Ra1 119. Kd6 Kf7 120. Rf4+ Kg7 121. Rc4 Rd1+ 122. Ke6 Re1+ 123. Kd6 Rd1+ 124. Ke5 Re1+ 125. Re4 Ra1 126. Rd4 Re1+ 127. Kd6 Ra1 128. Re4 Kf7 129. Re7+ Kf8 130. Re6 Kf7 131. Rf6+ Kg7 132. Rf4 Ra6+ 133. Ke5 Ra5+ 134. Ke4 Ra4+ 135. Kf3 Ra3+ 136. Kg4 Ra1 137. Rc4 Rg1+ 138. Kf4 Rf1+ 139. Ke5 Re1+ 140. Kd5 Rd1+ 141. Ke5 Re1+ 1/2-1/2


[Site "https://www.chess.com"]

[Event "Titled Tuesday Blitz July 4 Early 2023"]
[White "Tifferet, Shaked"]
[Black "Mendonca, Leon Luke"]
[WhiteFideId "2811529"]
[BlackFideId "35028561"]
[WhiteElo "2509"]
[BlackElo "2783"]
[Result "0-1"]
[Round "3"]
[TimeControl "180+2"]
[Date "2023.07.04"]
[WhiteClock "0:00:00"]
[BlackClock "0:00:12"]
[Board "83"]

1. d4 d5 2. Nf3 Nf6 3. c3 Bf5 4. Bf4 c6 5. Qb3 Qb6 6. Nbd2 e6 7. e3 Nbd7 8. Nh4 Bg6 9. h3 Be7 10. Nxg6 hxg6 11. Be2 a5 12. Qxb6 Nxb6 13. O-O a4 14. a3 Kd7 15. c4 dxc4 16. Nxc4 Nxc4 17. Bxc4 Bd6 18. Be5 Bxe5 19. dxe5 Nd5 20. Rad1 Ke7 21. Rd4 Rhd8 22. Rfd1 Nb6 23. Be2 Rxd4 24. Rxd4 Nd5 25. g3 b5 26. Bf3 Rc8 27. Rd2 Rc7 28. Kf1 Rd7 29. Ke1 c5 30. Bxd5 Rxd5 31. Rxd5 exd5 32. f4 Ke6 33. Ke2 Kf5 34. Kd3 g5 35. g4+ Ke6 36. Ke2 gxf4 37. exf4 g5 38. fxg5 Kxe5 39. h4 Kf4 40. h5 Kxg5 41. Kf3 b4 0-1


[Site "https://www.chess.com"]

[Event "Titled Tuesday Blitz July 4 Early 2023"]
[White "Fantastic_Power"]
[Black "Ashraf, Artin"]
[BlackFideId "22514805"]
[WhiteElo "2507"]
[BlackElo "2753"]
[Result "0-1"]
[Round "3"]
[TimeControl "180+2"]
[Date "2023.07.04"]
[WhiteClock "0:00:04"]
[BlackClock "0:00:23"]
[Board "84"]

1. e4 c5 2. Nf3 d6 3. Nc3 a6 4. d4 cxd4 5. Nxd4 Nf6 6. Be3 e6 7. f3 b5 8. Qd2 Bb7 9. g4 Qc7 10. g5 Nfd7 11. h4 Ne5 12. f4 b4 13. Na4 Bxe4 14. Rg1 Ned7 15. Bg2 Bxg2 16. Qxg2 d5 17. f5 e5 18. Qxd5 exd4 19. Bxd4 Qc6 20. Qb3 Qe4+ 21. Be3 Nc5 22. Nxc5 Bxc5 23. Rg3 O-O 24. O-O-O Qxf5 25. Bxc5 Qxc5 26. g6 Nc6 27. Rg5 Qf2 28. Rdg1 Nd4 29. gxh7+ Kh8 30. Qd3 Ne2+ 31. Qxe2 Qxe2 32. Rxg7 Rac8 33. c4 Rxc4+ 34. Kb1 Qc2+ 35. Ka1 Qc1+ 36. Rxc1 Rxc1# 0-1


[Site "https://www.chess.com"]

[Event "Titled Tuesday Blitz July 4 Early 2023"]
[White "Atakhan, Abtin"]
[Black "Keleberda, Tymur"]
[WhiteFideId "22502203"]
[BlackFideId "14174294"]
[WhiteElo "2739"]
[BlackElo "2503"]
[Result "1-0"]
[Round "3"]
[TimeControl "180+2"]
[Date "2023.07.04"]
[WhiteClock "0:02:44"]
[BlackClock "0:02:26"]
[Board "85"]

1. Nf3 Nf6 2. g3 c5 3. c4 e6 4. Bg2 d5 5. cxd5 Nxd5 6. Nc3 Nc7 7. b3 Nc6 8. Bb2 Be7 9. Rc1 O-O 10. Na4 b6 11. d4 cxd4 12. Rxc6 b5 13. Qxd4 bxa4 14. Qxg7# 1-0


[Site "https://www.chess.com"]

[Event "Titled Tuesday Blitz July 4 Early 2023"]
[White "Shuvalova, Polina"]
[Black "Deng, Henry"]
[WhiteFideId "24171760"]
[BlackFideId "30965454"]
[WhiteElo "2727"]
[BlackElo "2500"]
[Result "0-1"]
[Round "3"]
[TimeControl "180+2"]
[Date "2023.07.04"]
[WhiteClock "0:00:35"]
[BlackClock "0:00:31"]
[Board "86"]

1. e4 e5 2. Nf3 Nc6 3. a3 Nf6 4. Nc3 Be7 5. d4 d6 6. Bb5 Bd7 7. O-O O-O 8. Re1 a6 9. Bxc6 Bxc6 10. dxe5 dxe5 11. Bg5 Nd7 12. Bxe7 Qxe7 13. Nd5 Bxd5 14. exd5 Qd6 15. c4 a5 16. Qc2 a4 17. Ng5 Qg6 18. Qxg6 hxg6 19. Ne4 Rfe8 20. Rad1 f5 21. Nc3 Nc5 22. Nb5 Re7 23. d6 cxd6 24. Rxd6 e4 25. Rxg6 Nd3 26. Re2 Nf4 27. Rxg7+ Kxg7 28. Rd2 Nd3 29. Nd6 Kf6 30. g3 Rd8 31. Nb5 Rdd7 32. Nc3 Nc5 33. Nd5+ Ke5 34. f4+ exf3 35. Rf2 Rh7 36. Rxf3 Ne4 37. Kg2 b5 38. g4 fxg4 39. Re3 bxc4 40. Nc3 Rd2+ 41. Kg1 Rd4 42. Re1 Rf7 43. Kg2 Rf2+ 44. Kg1 Rxb2 45. Nxa4 Rc2 46. Nc5 Kd5 0-1


[Site "https://www.chess.com"]

[Event "Titled Tuesday Blitz July 4 Early 2023"]
[White "Postny, Evgeny"]
[Black "Kupervaser, Erez"]
[WhiteFideId "2804344"]
[BlackFideId "2814587"]
[WhiteElo "2725"]
[BlackElo "2496"]
[Result "1-0"]
[Round "3"]
[TimeControl "180+2"]
[Date "2023.07.04"]
[WhiteClock "0:00:53"]
[BlackClock "0:00:07"]
[Board "87"]

1. e4 c5 2. Nf3 d6 3. d4 cxd4 4. Nxd4 Nf6 5. Nc3 a6 6. g3 e5 7. Nde2 Be7 8. Bg2 O-O 9. O-O Nbd7 10. f4 b5 11. h3 Bb7 12. Be3 b4 13. Nd5 Nxd5 14. exd5 Rc8 15. f5 Bg5 16. Bf2 Qc7 17. c3 a5 18. h4 Bh6 19. g4 f6 20. Qd3 Nc5 21. Qg3 Ba6 22. Rfe1 Bxe2 23. Rxe2 Bf4 24. Qh3 Na4 25. cxb4 axb4 26. Qb3 Qa5 27. a3 Rb8 28. Kh1 Nc5 29. Qd1 bxa3 30. Rxa3 Qb4 31. Be1 Qc4 32. Rc2 Qb5 33. b4 Na4 34. Rc7 Nb6 35. Raa7 Bh6 36. g5 fxg5 37. hxg5 Rxf5 38. gxh6 Rf1+ 39. Bxf1 Qxf1+ 40. Kh2 Qf4+ 41. Bg3 Qxh6+ 42. Kg2 1-0


[Site "https://www.chess.com"]

[Event "Titled Tuesday Blitz July 4 Early 2023"]
[White "Shubenkova, Veronika"]
[Black "Matinian, Nikita"]
[WhiteFideId "44124040"]
[BlackFideId "24129100"]
[WhiteElo "2495"]
[BlackElo "2696"]
[Result "0-1"]
[Round "3"]
[TimeControl "180+2"]
[Date "2023.07.04"]
[WhiteClock "0:00:00"]
[BlackClock "0:00:04"]
[Board "88"]

1. e4 c5 2. Nc3 Nc6 3. g3 g6 4. Bg2 Bg7 5. d3 Rb8 6. Rb1 b5 7. f4 b4 8. Nce2 e6 9. Be3 Qa5 10. b3 Nge7 11. Nf3 d5 12. e5 d4 13. Bf2 Nd5 14. O-O Nce7 15. Nd2 Nf5 16. Nc4 Qc7 17. g4 Nfe3 18. Bxe3 Nxe3 19. Nxe3 dxe3 20. Qc1 g5 21. Qxe3 gxf4 22. Nxf4 Bxe5 23. Kh1 Bb7 24. Be4 Bxe4+ 25. Qxe4 Qb7 26. Qxb7 Rxb7 27. Nh5 Ke7 28. Rbe1 Bc3 29. Re4 Rb6 30. Ng3 Ra6 31. Nf5+ Kd7 32. Ne3 f6 33. g5 f5 34. Rc4 Bd4 35. Ng2 Rxa2 36. Nf4 Rc8 37. Re1 Ra1 38. Rxd4+ cxd4 39. Rxa1 e5 40. Nd5 Rxc2 41. Rxa7+ Ke6 42. Nxb4 Rc1+ 43. Kg2 e4 44. Ra6+ Ke5 45. h4 Rb1 46. Ra5+ Ke6 47. Nc6 exd3 48. Nxd4+ Kf7 49. Rxf5+ Kg6 50. Rf6+ Kh5 51. Kg3 Rg1+ 52. Kf2 d2 53. Nf5 Rf1+ 54. Kxf1 d1=Q+ 55. Kf2 Qc2+ 56. Ke3 Qxb3+ 57. Kf4 Qc4+ 58. Ke5 Qc3+ 59. Ke6 Kg4 60. Kf7 Qc7+ 61. Kg8 Qa7 62. Kh8 Qb7 63. Rf8 Kh5 64. Rf6 Qa7 65. Rh6+ Kg4 66. Ng7 Qa1 67. Kxh7 Qb1+ 68. g6 Qb7 69. h5 Kg5 70. Kg8 Kxh6 71. Nf5+ Kg5 72. h6 Kxg6 73. Nh4+ Kxh6 74. Nf5+ Kg5 75. Nh4 Kxh4 0-1


[Site "https://www.chess.com"]